 Dungeon Crawl Stone Soup version 0.27-a0-1188-g73eefd5def (webtiles) character file.

Game seed: 15409865517970155106

70 Lemonice the Skirmisher (level 4, -3/35 HPs)
             Began as a Demonspawn Abyssal Knight on May 21, 2021.
             Was a Follower of Lugonu.
             Slain by Sigmund
             ... wielding a +0 scythe
              (11 damage)
             ... on level 2 of the Dungeon.
             The game lasted 00:03:15 (2051 turns).

Lemonice the Skirmisher (Demonspawn Abyssal Knight) Turns: 2051, Time: 00:03:16

Health: -3/35      AC:  3    Str: 11 (13) XL:     4   Next: 4%
Magic:  6/6        EV: 11    Int: 13 (14) God:    Lugonu [*.....]
Gold:   45         SH:  0    Dex:  9 (12) Spells: 3/3 levels left

rFire    + . .     SeeInvis .   a - +1 hand axe
rCold    + . .     Faith    .   (no shield)
rNeg     . . .     Spirit   .   b - +0 leather armour
rPois    +         Reflect  .   (no helmet)
rElec    +         Harm     .   (no cloak)
rCorr    +         Rampage  .   (no gloves)
Will     .....                  (no boots)
Stlth    +.........             (no amulet)
HPRegen  0.11/turn              (no ring)
MPRegen  0.10/turn              (no ring)

@: mighty, resistant
A: powered by death 1, spiny 1
a: Renounce Religion, Depart the Abyss


You were on level 2 of the Dungeon.
You worshipped Lugonu.
Lugonu was aware of your devotion.
You visited 1 branch of the dungeon, and saw 2 of its levels.
You visited the Abyss 1 time.

You collected 45 gold pieces.

Inventory:

Hand Weapons
 a - a +1 hand axe (weapon)
Armour
 b - a +0 leather armour (worn)
Jewellery
 i - an amulet of the acrobat
 j - a ring of flight
 m - a ring of ice
Scrolls
 d - 2 scrolls of teleportation {unknown}
 f - a scroll of identify {unknown}
 h - a scroll of torment {unknown}
 l - a scroll of immolation {unknown}
Potions
 g - 2 potions of resistance
 k - a potion of curing


   Skills:
 + Level 3.5 Fighting
 + Level 2.3 Axes
 + Level 2.3 Armour
 + Level 1.6 Dodging
 + Level 3.3 Invocations


You had 3 spell levels left.
You didn't know any spells.
Your spell library was empty.

Dungeon Overview and Level Annotations

Branches:
Dungeon (2/15)

Altars:

Annotations:
D:2 Sigmund


Innate Abilities, Weirdness & Mutations

You regenerate a little health from kills.
You are partially covered in sharp spines.


Message History

It was a potion of might.
You feel very mighty all of a sudden. Jessica hits you with a +0 club.
It was a potion of resistance.
You feel protected. Jessica is struck by your spines. Jessica misses you.
Sigmund casts a spell at you. The puff of flame hits you. You resist.
It was a potion of curing.
You feel better. Jessica hits you but does no damage.
Sigmund hits you from afar with a +0 scythe.
You hit Jessica.
Jessica is almost dead.
Jessica completely misses you.
Sigmund screams, "Die, monster!"
Sigmund closely misses you.
You slash Jessica!
You kill Jessica!
Lugonu accepts your kill.
Sigmund hits you from afar with a +0 scythe!
You feel your intelligence returning.
You have reached level 4!
You feel clever.
Sigmund points at himself and mumbles some strange words.
Sigmund flickers and vanishes!
Deactivating autopickup; reactivate with Ctrl-A.
You are confused.
You bump into the rock wall.
You bump into the rock wall.
You bump into the rock wall.
You feel less confused. Something hits you but does no damage.
Okay, then.
Something hits you but does no damage.
A magic dart appears from out of thin air!
The magic dart hits you!
* * * LOW HITPOINT WARNING * * *
There is a stone staircase leading up here.
Something hits you!
You die...

#.####.#.##.#.....>..#
#...#...........###
###.#.#.............
##...#.##..........
#...#..#...........
#.......(..........
#######..#.#......[......
...#.....#...#...........
...#.........>..@........
...###.......#....).)...|
...###.........#..........
...#......##..##..........#
...#......................#####
...#........................<.
...#......#..#(..........##..
...#......##.##.#...........#
...#.##.#.##..#.............#


There were no monsters in sight!

Vanquished Creatures
  Jessica (D:2)
  A worm (D:2)
  A dart slug (D:1)
  4 endoplasms (D:1)
  6 goblins
  7 hobgoblins
  3 jackals (D:1)
  A quokka (D:1)
  3 ball pythons (D:1)
  4 bats
  3 kobolds (D:1)
  3 rats (D:1)
37 creatures vanquished.

Notes
Turn   | Place    | Note
-------+----------+-------------------------------------------
     0 | Abyss:1  | Lemonice the Demonspawn Abyssal Knight began the quest for
                  | the Orb.
     0 | Abyss:1  | Reached XP level 1. HP: 18/18 MP: 2/2
    85 | Abyss:1  | Noticed a worldbinder
    91 | Abyss:1  | Noticed a shadow
    91 | Abyss:1  | Noticed a wraith
    92 | Abyss:1  | Noticed a wraith
   101 | Abyss:1  | Noticed a wraith
   104 | Abyss:1  | Noticed a wraith
   105 | Abyss:1  | Noticed a necromancer
   116 | D:1      | Escaped the Abyss
   324 | D:1      | Reached skill level 1 in Dodging
   399 | D:1      | Reached * piety under Lugonu
   400 | D:1      | Gained mutation: You are partially covered in sharp spines.
                  | [demonic ancestry]
   400 | D:1      | Reached XP level 2. HP: 7/24 MP: 3/3
  1180 | D:1      | Gained mutation: You regenerate a little health from kills.
                  | [demonic ancestry]
  1180 | D:1      | Reached XP level 3. HP: 29/29 MP: 5/5
  2016 | D:2      | Noticed Jessica
  2019 | D:2      | Noticed Sigmund
  2027 | D:2      | Killed Jessica
  2028 | D:2      | Reached XP level 4. HP: 15/35 MP: 6/6
  2051 | D:2      | Slain by Sigmund

Illustrated notes

Levels and vault maps discovered:
D:1:      psy_arrival_dodecagon, layout_basic, feat_on_display
D:2:      layout_rooms, kennysheep_small_spiral, uniq_sigmund, uniq_jessica

Skill      XL: |  1  2  3 |
---------------+----------+-----
Dodging        | 1 |  1.6
Axes           | 2 |  2.3
Armour         | 2 |  2.3
Invocations    | 3 |  3.3
Fighting       | |  3.5

Action                   |  1- 3 |  4- 6 || total
-------------------------+-------+-------++-------
Melee: Hand axe          |    87 |       ||    87
Invok: Depart the Abyss  |     1 |       ||     1
  Use: Potion            |     4 |       ||     4
 Stab: Sleeping          |     1 |       ||     1
Armor: Leather armour    |    17 |     2 ||    19
Dodge: Dodged            |    44 |       ||    44

Table legend: (Time is in decaauts)
 A = Elapsed time spent in this place.
 B = Non-inter-level travel time spent in this place.
 C = Inter-level travel time spent in this place.
 D = Time resting spent in this place.
 E = Time spent auto-exploring this place.
 F = Levels seen in this place.
 G = Mean time per level.
                   A        B        C        D        E       F      G
               +--------+--------+--------+--------+--------+-----+--------+
         Total |   2067 |   2054 |     13 |      0 |   1777 |   3 |  689.0 |
       Dungeon |   1951 |   1938 |     13 |      0 |   1704 |   2 |  975.5 |
         Abyss |    116 |    116 |      0 |      0 |     73 |   1 |  116.0 |
               +--------+--------+--------+--------+--------+-----+--------+

Top non-repeatable levels by time:
     D:1: 1591 daAuts
     D:2: 360 daAuts
 Abyss:1: 116 daAuts
